 Dungeon Crawl Stone Soup version 0.21.1-1-g345015f (webtiles) character file.

81 kae the Insei (level 4, 0/29 HPs)
             Began as an Octopode Transmuter on May 26, 2018.
             Killed from afar by an orc wizard (10 damage)
             ... with a magic dart
             ... on level 2 of the Dungeon.
             The game lasted 00:01:45 (1502 turns).

kae the Insei (Octopode Transmuter)                 Turns: 1502, Time: 00:01:46

Health: 0/29       AC:  1    Str:  9    XL:     4   Next: 42%
Magic:  6/7        EV: 14    Int: 15    God:
Gold:   41         SH:  0    Dex: 13    Spells: 5/8 levels left

rFire    . . .     SeeInvis .     - Unarmed
rCold    . . .     Gourm    .   (no shield)
rNeg     . . .     Faith    .   (helmet restricted)
rPois    .         Spirit   .   (no amulet)
rElec    .         Reflect  .   (no ring)
rCorr    .         Harm     .   (no ring)
MR       .....                  (no ring)
Stlth    ++........             (no ring)
HPRegen  0.09/turn              (no ring)
MPRegen  0.10/turn              (no ring)
                                (no ring)
                                (no ring)

@: appendage (expiring)
A: almost no armour, stealthy swim, amphibious, 8 rings, constrict 8, tentacle
spike 3, camouflage 1, gelatinous body 1
a: End Transformation


You were on level 2 of the Dungeon.
You were not hungry.
One of your tentacles had a temporary spike.
You visited 1 branch of the dungeon, and saw 2 of its levels.

You collected 41 gold pieces.

Inventory:

Missiles
 a - 12 arrows
Scrolls
 d - a scroll of teleportation {unknown}
 f - a scroll of amnesia {unknown}
 g - a scroll of noise {unknown}
 j - a scroll of remove curse {unknown}
Potions
 e - a potion of brilliance {unknown}
 h - a potion of haste {unknown}
 i - a potion of degeneration {unknown}
Books
 b - a book of Changes

   Spells                             Type                      Level
   a - Beastly Appendage              Transmutation                1
   b - Sticks to Snakes               Transmutation                2
   c - Spider Form                    Transmutation/Poison         3
   d - Ice Form                       Ice/Transmutation            4
   e - Blade Hands                    Transmutation                5
Comestibles
 c - 2 rations
 k - 2 chunks of flesh


   Skills:
 + Level 1.8 Fighting
 - Level 2.5 Dodging
 * Level 3.5 Unarmed Combat
 + Level 2.5 Spellcasting
 * Level 2.8 Transmutations


You had 5 spell levels left.
You knew the following spells:

 Your Spells              Type           Power        Failure   Level  Hunger
a - Beastly Appendage     Tmut           ##....       7%          1    #......
b - Sticks to Snakes      Tmut           ##......     10%         2    ###....


Dungeon Overview and Level Annotations

Branches:
Dungeon (2/15)

Altars:


Innate Abilities, Weirdness & Mutations

You cannot wear most types of armour.
You are very stealthy in the water. (Stealth+)
You are amphibious.
You can wear up to eight rings at the same time.
You can use your tentacles to constrict eight enemies at once.
Your skin changes colour to match your surroundings (Stealth+).
Your rubbery body absorbs attacks. (AC +1, EV +1)
One of your tentacles bears a large vicious spike.


Message History

The bat barely misses you.
The orc wizard casts a spell.
The orc wizard seems to speed up.
The rat bites you.
An orc priest comes into view. It is wielding a hand axe.
You closely miss the rat. You grab the rat.
You kill the rat!
The bat closely misses you.
You closely miss the bat. You grab the bat. You constrict the bat.
The bat closely misses you.
The bat struggles to escape constriction.
The bat escapes!
The orc wizard casts a spell at you. The puff of flame hits you!
You are too injured to fight recklessly!
There are monsters nearby!
Unknown command.
The bat hits you but does no damage.
The orc wizard points at you and mumbles some strange words.
The magic dart hits you!
You die...

...............##.. .....
...............##..##....
........o......##..##..#.
...............##..#.....
#####..o..............#.
.........o.....##.....##.
.####.....o..............
#.....b..............#..
#...###@)..#.........#..
.##...####...#....rg......
.........)................
##########........##.....^
........................
#.#.....#..##...........
+.....+...............
#.....#.#.#.#.##.#....
#.....#.#.#.#.####....


You could see an orc priest, 2 orc wizards, an orc and a bat.

Vanquished Creatures
  An orc wizard (D:2)
  A gnoll (D:2)
  An ooze (D:1)
  2 dart slugs (D:1)
  2 leopard geckos
  A ball python (D:1)
  2 giant cockroaches
  6 hobgoblins (D:1)
  4 jackals
  2 bats (D:1)
  2 frilled lizards (D:1)
  4 kobolds (D:1)
  7 rats
35 creatures vanquished.

Notes
Turn   | Place    | Note
-------+----------+-------------------------------------------
     0 | D:1      | kae the Octopode Transmuter began the quest for the Orb.
     0 | D:1      | Reached XP level 1. HP: 13/13 MP: 3/3
    96 | D:1      | Reached XP level 2. HP: 16/18 MP: 3/5
   478 | D:1      | Reached XP level 3. HP: 16/23 MP: 6/6
  1458 | D:2      | Learned a level 2 spell: Sticks to Snakes
  1494 | D:2      | Reached XP level 4. HP: 24/29 MP: 5/7
  1502 | D:2      | Killed from afar by an orc wizard

Action                   |  1- 3 |  4- 6 || total
-------------------------+-------+-------++-------
Melee: Unarmed           |    73 |     2 ||    75
       Constrict         |    22 |     2 ||    24
       Tentacles         |    12 |     1 ||    13
       Kick              |     6 |       ||     6
 Cast: Beastly Appendage |     8 |       ||     8
 Stab: Sleeping          |     3 |       ||     3
  Eat: Chunk             |     2 |       ||     2
Armor: Skin              |     7 |     1 ||     8
Dodge: Dodged            |    36 |     3 ||    39
